 Dungeon Crawl Stone Soup version 0.20.1-1-g8b1a95d (console) character file.

7534 hilaritas the Grappler (level 10, -5/100 HPs)
             Began as a Troll Fighter on Dec 3, 2017.
             Was a Follower of Uskayaw.
             Slain by a two-headed ogre
             ... wielding a +1 dire flail of distortion
              (17 damage)
             ... on level 10 of the Dungeon.
             The game lasted 00:21:46 (8683 turns).

hilaritas the Grappler (Troll Fighter)              Turns: 8683, Time: 00:21:46

Health: -5/100     AC:  7    Str: 27    XL:     10   Next: 96%
Magic:  9/13       EV: 11    Int:  6    God:    Uskayaw [*.....]
Gold:   45         SH: 10    Dex:  9    Spells: 9/9 levels left

rFire    . . .     SeeInvis .     - Unarmed
rCold    + . .     Gourm    +   b - +0 shield
rNeg     . . .     Faith    .   w - +1 robe {rC+}
rPois    .         Spirit   .   (helmet restricted)
rElec    .         Reflect  .   o - +0 cloak
rCorr    .         Harm     .   (gloves unavailable)
MR       .....                  (boots unavailable)
Stlth    +.........             (no amulet)
Regen    0.7/turn               (no ring)
MPRegen  0.2/turn               (no ring)

@: no status effects
A: unfitting armour, claws 3, fast metabolism 3, gourmand, regeneration 1,
shaggy fur 1, tough skin 2
a: Stomp, Renounce Religion


You were on level 10 of the Dungeon.
You worshipped Uskayaw.
Uskayaw was noncommittal.
You were very full.

You visited 2 branches of the dungeon, and saw 11 of its levels.

You collected 598 gold pieces.
You spent 553 gold pieces at shops.

Inventory:

Hand Weapons
 a - a +0 whip of electrocution
 e - a +0 mace
Armour
 b - a +0 shield (worn)
 o - a +0 cloak (worn)
 w - a +1 robe of cold resistance (worn)
Wands
 q - a wand of random effects (42/48)
 B - a wand of iceblast (13/15)
Scrolls
 f - 2 scrolls of fog
 i - 7 scrolls of identify
 p - a scroll of recharging
 t - 2 scrolls of amnesia
 x - a scroll of teleportation
 y - a scroll of magic mapping
 z - a scroll of remove curse
Potions
 c - 4 potions of might
 g - a potion of brilliance {unknown}
 h - 6 potions of mutation
 j - 2 potions of haste
 l - 3 potions of agility
 m - a potion of resistance {unknown}
 n - 2 potions of heal wounds {unknown}
 r - a potion of flight {unknown}
 s - 5 potions of curing
 A - a potion of berserk rage
 C - a potion of cancellation {unknown}
 D - a potion of magic {unknown}
Books
 u - a book of Maledictions

   Spells                             Type                      Level
   a - Corona                         Hexes                        1
   b - Ensorcelled Hibernation        Hexes/Ice                    2
   c - Confuse                        Hexes                        3
   d - Tukima's Dance                 Hexes                        3
   e - Dazzling Spray                 Conjuration/Hexes            3
Comestibles
 d - 9 bread rations
 k - 4 meat rations
 v - 13 royal jellies


   Skills:
 * Level 6.6 Fighting
 + Level 5.0 Dodging
 + Level 7.3 Shields
 - Level 10.0 Unarmed Combat
 * Level 6.0 Invocations


You had 9 spell levels left.
You didn't know any spells.

Dungeon Overview and Level Annotations

Branches:
Dungeon (10/15)            Temple (1/1) D:4
   Lair: D:8-11         Orc: D:9-12

Altars:
Ashenzari
Dithmenos
Elyvilon
Fedhas
Gozag
Hepliaklqana
Kikubaaqudgha
Nemelex Xobeh
Okawaru
Qazlal
Ru
Sif Muna
Uskayaw
Zin
The Shining One

Shops:
D:9 **[*!


Innate Abilities, Weirdness & Mutations

You are too large for most types of armour.
You have claws for hands.
Your metabolism is lightning-fast.
You like to eat raw meat.
Your natural rate of healing is unusually fast.
You are covered in fur. (AC +1)
You have very tough skin. (AC +2)


Message History

The two-headed ogre is severely wounded.
The two-headed ogre hits you but does no damage.
You blink.
The two-headed ogre hits you with a dire flail of distortion!
You blink.
Found a helmet.
The two-headed ogre hits you with a dire flail of distortion!
Space bends around you.
The two-headed ogre hits you with a giant club!!
* * * LOW HITPOINT WARNING * * *
Aiming: Line Pass
Press: ? - help, Dir - move target cursor The two-headed ogre appears confused.
You feel quite a bit less full.
You can no longer pass through a line of other dancers.
The two-headed ogre ponders the situation.
You claw the two-headed ogre!
The two-headed ogre is almost dead.
The two-headed ogre seems less confused.
The two-headed ogre hits you with a dire flail of distortion!
You die...

#..#...# #..#......#
#..#...# #..#..##..#
#..#...# #..#..##..#
#..#(..###.....##..#
#..#...........##..#
#.......(......##..#
#......###.....##...
#......# #.....##...
#......# #.....##...
######......#
#.......=..
.........@...#
#..........
.######...O..#
#......#... #......#
#......#... #......#
#......#... #......#
#......#... #......#
#......#...
#..........##.......
#.##....... #.
....... .. .......
... ....[..


You could see a two-headed ogre.

Vanquished Creatures
  Pikel (D:8)
  An oklob plant (D:7)
  Joseph (D:8)
  The ghost of wnhky the Poker, a novice MfSk (D:4)
  2 centaur skeletons (D:10)
  A hippogriff (D:7)
  11 yaks
  The ghost of Frank the Ducker, an amateur OpFi (D:3)
  Menkaure (D:6)
  A water moccasin (D:7)
  Duvessa (D:4)
  A black bear (D:10)
  2 orc warriors
  4 slaves (D:8)
  3 ice beasts
  2 sky beasts
  A necrophage (D:8)
  7 ogres
  2 centaurs (D:7)
  A crocodile (D:9)
  2 bullfrogs
  Dowan (D:4)
  3 scorpions
  A howler monkey (D:8)
  2 crimson imps (D:6)
  A bullfrog zombie (D:10)
  A centaur zombie (D:7)
  7 jellies
  3 hounds
  3 iguanas (D:8)
  A gnoll shaman (D:9)
  5 worker ants
  4 orc wizards
  3 hound skeletons
  A worker ant zombie (D:6)
  A howler monkey skeleton (D:4)
  8 gnolls
  12 adders
  A shadow imp (D:6)
  25 oozes
  An adder skeleton (D:7)
  3 adder zombies
  3 worms
  2 dart slugs
  6 leopard geckos
  26 orcs
  3 ball pythons
  8 bats
  13 giant cockroaches
  5 goblins
  11 hobgoblins
  14 jackals
  3 kobolds
  7 quokkas
  9 frilled lizards
  A giant cockroach zombie (D:5)
  A leopard gecko skeleton (D:7)
  6 rats
252 creatures vanquished.

Vanquished Creatures (others)
  3 fungi (D:7)
3 creatures vanquished.

Grand Total: 255 creatures vanquished

Notes
Turn   | Place    | Note
-------+----------+-------------------------------------------
     0 | D:1      | hilaritas the Troll Fighter began the quest for the Orb.
     0 | D:1      | Reached XP level 1. HP: 22/22 MP: 0/0
   374 | D:1      | Reached XP level 2. HP: 29/29 MP: 1/1
  1309 | D:2      | Reached XP level 3. HP: 36/36 MP: 2/2
  1336 | D:2      | Reached skill level 3 in Unarmed Combat
  2050 | D:2      | Reached XP level 4. HP: 45/45 MP: 3/3
  2268 | D:3      | Noticed Frank's ghost (amateur OpFi)
  2283 | D:3      | Killed Frank's ghost
  2283 | D:3      | Reached skill level 4 in Unarmed Combat
  2283 | D:3      | Reached XP level 5. HP: 39/53 MP: 4/4
  2285 | D:3      | Reached skill level 5 in Unarmed Combat
  2423 | D:3      | Noticed a sky beast
  2440 | D:3      | Killed a sky beast
  2440 | D:3      | Reached XP level 6. HP: 31/61 MP: 5/5
  2923 | D:4      | Noticed wnhky's ghost (novice MfSk)
  2936 | D:4      | Killed wnhky's ghost
  2936 | D:4      | Reached skill level 7 in Unarmed Combat
  2936 | D:4      | Reached XP level 7. HP: 62/67 MP: 6/6
  3020 | D:4      | Found a staircase to the Ecumenical Temple.
  3046 | Temple   | Entered the Ecumenical Temple
  3089 | Temple   | Became a worshipper of Uskayaw the Reveler
  3180 | D:4      | Found a sacrificial altar of Ru.
  3180 | D:4      | Noticed Duvessa
  3180 | D:4      | Noticed Dowan
  3187 | D:4      | Reached * piety under Uskayaw
  3188 | D:4      | Killed Duvessa
  3188 | D:4      | Reached skill level 8 in Unarmed Combat
  3189 | D:4      | Reached ** piety under Uskayaw
  3190 | D:4      | Killed Dowan
  3190 | D:4      | Reached XP level 8. HP: 59/78 MP: 7/7
  3191 | D:4      | Reached *** piety under Uskayaw
  3506 | D:5      | Entered Level 5 of the Dungeon
  4392 | D:6      | Noticed Menkaure
  4396 | D:6      | Killed Menkaure
  4396 | D:6      | Reached skill level 1 in Invocations
  4399 | D:6      | Reached skill level 9 in Unarmed Combat
  4705 | D:6      | Found a shadowy altar of Dithmenos.
  5160 | D:7      | Reached skill level 10 in Unarmed Combat
  5160 | D:7      | Reached XP level 9. HP: 79/84 MP: 9/9
  6037 | D:7      | Noticed an oklob plant
  6065 | D:7      | Reached skill level 5 in Fighting
  6065 | D:7      | Reached **** piety under Uskayaw
  6078 | D:7      | Reached ***** piety under Uskayaw
  6139 | D:7      | Killed an oklob plant
  6139 | D:7      | Reached skill level 5 in Shields
  6367 | D:8      | Noticed Pikel
  6383 | D:8      | Killed Pikel
  6396 | D:8      | Reached XP level 10. HP: 98/98 MP: 12/12
  6417 | D:8      | Reached ****** piety under Uskayaw
  6666 | D:8      | Found a stormy altar of Qazlal.
  6795 | D:8      | Reached skill level 5 in Invocations
  6885 | D:8      | Noticed Joseph
  6899 | D:8      | Killed Joseph
  7225 | D:8      | Found a blossoming altar of Fedhas.
  7225 | D:8      | Found a sparkling altar of Nemelex Xobeh.
  7414 | D:9      | Found Juitowk's Armour Emporium.
  7420 | D:9      | Found Eweufug's Distillery.
  7428 | D:9      | Bought a potion of haste for 140 gold pieces
  7428 | D:9      | Bought a potion of berserk rage for 70 gold pieces
  7428 | D:9      | Bought a potion of mutation for 112 gold pieces
  7428 | D:9      | Bought a potion of agility for 56 gold pieces
  7827 | D:9      | Found Taboduff's Assorted Antiques.
  7843 | D:9      | Bought an encrusted lead wand for 124 gold pieces
  7843 | D:9      | Bought a viscous inky potion for 27 gold pieces
  7955 | D:9      | Found Unealamp's Assorted Antiques.
  7962 | D:9      | Bought a yellow potion for 24 gold pieces
  7991 | D:9      | Found Boeq's Assorted Antiques.
  8228 | D:9      | Found an iron altar of Okawaru.
  8228 | D:9      | Found a hazy altar of Hepliaklqana.
  8344 | D:10     | Entered Level 10 of the Dungeon
  8631 | D:10     | Reached skill level 5 in Dodging
  8667 | D:10     | Noticed a two-headed ogre
  8683 | D:10     | Slain by a two-headed ogre

Skill      XL: |  1  2  3  4  5  6  7  8  9 10 |
---------------+-------------------------------+-----
Unarmed Combat | 3 4 5 7 8 10 | 10.0
Fighting       | 3 4 5 6 |  6.6
Shields        | 3 4 5 7 |  7.3
Invocations    | 2 4 6 |  6.0
Dodging        | 3 5 |  5.0

Action                   |  1- 3 |  4- 6 |  7- 9 | 10-12 || total
-------------------------+-------+-------+-------+-------++-------
Melee: Unarmed           |   161 |   105 |   300 |   203 ||   769
Invok: Stomp             |       |       |       |     1 ||     1
       Line Pass         |       |       |       |     1 ||     1
  Use: Scroll            |       |       |    11 |     2 ||    13
 Stab: Sleeping          |     1 |       |       |       ||     1
       Paralysed         |       |       |    10 |     5 ||    15
  Eat: Chunk             |    23 |     9 |    27 |    26 ||    85
Armor: Robe              |    58 |    22 |    54 |    34 ||   168
Dodge: Dodged            |    40 |    20 |    70 |    38 ||   168
Block: Shield            |    65 |    37 |   102 |    73 ||   277
